2769 views
Uploaded 2020-02-24 20:38:19
Game version 1.32.2
21:11 long 3on3 ladder game on (6)GnollWood
Saved by BEARAND
2769 views
Uploaded 2020-02-24 20:38:19
Game version 1.32.2
21:11 long 3on3 ladder game on (6)GnollWood


75 units @ 7.1k
/ 0.6k
137 buildings @ 8.2k
/ 4.3k
⇛
TIMG4STRok
(21:08) : 


| Staff of Sanctuary | 2 | 500 |
| Orb of Fire | 2 | 650 |
| Boots of Speed | 3 | 750 |
| Staff of Teleportation | 3 | 450 |
| Periapt of Vitality | 1 | 325 |
| Circlet of Nobility | 1 | 175 |
| total: | 12 | 2850g |
| Peasant | 25 | 1875 | / | 0 |
| total: | 25 | 1875g | / | 0w |
| Scout Tower | 60 | 1800 | / | 1200 |
| Arcane Tower | 5 | 350 | / | 250 |
| Guard Tower | 26 | 1820 | / | 1300 |
| Altar of Kings | 1 | 180 | / | 50 |
| Farm | 5 | 400 | / | 100 |
| Lumber Mill | 1 | 120 | / | 0 |
| Town Hall | 1 | 385 | / | 205 |
| Arcane Vault | 3 | 390 | / | 90 |
| Arcane Sanctum | 1 | 150 | / | 140 |
| Keep | 1 | 320 | / | 210 |
| Castle | 1 | 360 | / | 210 |
| total: | 72 | 3425g | / | 1785w |
| 0:04 | Altar of Kings |
| 0:05 | Peasant |
| 0:05 | Peasant |
| 0:09 | Farm |
| 0:31 | Peasant |
| 0:31 | Peasant |
| 0:35 | Lumber Mill |
| 0:47 | Scout Tower |
| 0:51 | Farm |
| 1:01 | Peasant |
| 1:18 | Peasant |
| 1:18 | Peasant |
| 1:21 | Arcane Tower |
| 1:30 | Peasant |
| 1:36 | Farm |
| 1:48 | Scout Tower |
| 1:53 | Peasant |
| 2:00 | Peasant |
| 2:05 | Peasant |
| 2:09 | Blizzard |
| 2:19 | Guard Tower |
| 2:20 | Scout Tower |
| 2:24 | Peasant |
| 2:24 | Peasant |
| 2:52 | Guard Tower |
| 2:53 | Scout Tower |
| 3:06 | Peasant |
| 3:06 | Peasant |
| 3:24 | Brilliance Aura |
| 3:39 | Peasant |
| 3:39 | Peasant |
| 3:42 | Peasant |
| 3:43 | Guard Tower |
| 3:45 | Scout Tower |
| 3:47 | Scout Tower |
| 4:28 | Town Hall |
| 4:30 | Scout Tower |
| 4:31 | Scout Tower |
| 4:33 | Scout Tower |
| 4:34 | Scout Tower |
| 4:35 | Scout Tower |
| 4:36 | Scout Tower |
| 4:40 | Peasant |
| 4:41 | Peasant |
| 4:45 | Peasant |
| 4:46 | Guard Tower |
| 4:57 | Guard Tower |
| 4:58 | Arcane Tower |
| 5:02 | Guard Tower |
| 5:03 | Guard Tower |
| 5:09 | Guard Tower |
| 5:16 | Guard Tower |
| 5:28 | Scout Tower |
| 5:30 | Scout Tower |
| 5:56 | Keep |
| 6:07 | Boots of Speed |
| 6:43 | Guard Tower |
| 6:45 | Scout Tower |
| 6:46 | Scout Tower |
| 6:49 | Scout Tower |
| 6:50 | Scout Tower |
| 6:50 | Scout Tower |
| 6:51 | Scout Tower |
| 6:55 | Improved Masonry |
| 6:58 | Scout Tower |
| 6:59 | Scout Tower |
| 7:00 | Scout Tower |
| 7:00 | Scout Tower |
| 7:03 | Scout Tower |
| 7:03 | Scout Tower |
| 7:05 | Scout Tower |
| 7:12 | Guard Tower |
| 7:13 | Guard Tower |
| 7:17 | Staff of Teleportation |
| 7:17 | Periapt of Vitality |
| 7:49 | Guard Tower |
| 8:03 | Scout Tower |
| 8:04 | Scout Tower |
| 8:06 | Guard Tower |
| 8:08 | Arcane Tower |
| 8:09 | Arcane Tower |
| 8:13 | Guard Tower |
| 8:36 | Peasant |
| 8:37 | Peasant |
| 9:04 | Guard Tower |
| 9:08 | Arcane Sanctum |
| 9:11 | Guard Tower |
| 9:14 | Scout Tower |
| 9:18 | Arcane Tower |
| 9:21 | Peasant |
| 9:21 | Peasant |
| 9:29 | Blizzard |
| 9:45 | Storm Bolt |
| 10:10 | Guard Tower |
| 10:12 | Scout Tower |
| 10:13 | Scout Tower |
| 10:13 | Scout Tower |
| 10:14 | Scout Tower |
| 10:15 | Guard Tower |
| 10:17 | Scout Tower |
| 10:45 | Staff of Teleportation |
| 10:45 | Boots of Speed |
| 10:46 | Circlet of Nobility |
| 10:52 | Guard Tower |
| 10:54 | Scout Tower |
| 10:55 | Castle |
| 10:56 | Guard Tower |
| 10:59 | Scout Tower |
| 11:00 | Scout Tower |
| 11:16 | Magic Sentry |
| 11:17 | Advanced Masonry |
| 11:18 | Improved Lumber Harvesting |
| 11:26 | Arcane Vault |
| 11:29 | Arcane Vault |
| 11:36 | Guard Tower |
| 12:12 | Guard Tower |
| 13:07 | Arcane Vault |
| 13:15 | Scout Tower |
| 13:16 | Scout Tower |
| 13:17 | Scout Tower |
| 13:17 | Scout Tower |
| 13:59 | Farm |
| 13:59 | Farm |
| 14:01 | Imbued Masonry |
| 14:01 | Advanced Lumber Harvesting |
| 14:57 | Holy Light |
| 15:00 | Brilliance Aura |
| 15:06 | Staff of Sanctuary |
| 15:07 | Orb of Fire |
| 15:08 | Staff of Sanctuary |
| 15:09 | Orb of Fire |
| 15:15 | Guard Tower |
| 15:18 | Scout Tower |
| 15:19 | Scout Tower |
| 15:19 | Scout Tower |
| 15:22 | Scout Tower |
| 15:23 | Scout Tower |
| 15:24 | Scout Tower |
| 15:24 | Scout Tower |
| 15:25 | Scout Tower |
| 15:27 | Scout Tower |
| 15:27 | Scout Tower |
| 15:37 | Staff of Teleportation |
| 15:37 | Boots of Speed |
| 15:56 | Bash |
| 18:06 | Guard Tower |
| 18:31 | Guard Tower |
| 18:33 | Scout Tower |
| 18:35 | Scout Tower |
| 18:35 | Scout Tower |
| 18:37 | Scout Tower |
| 18:38 | Scout Tower |
| 18:38 | Scout Tower |
| 18:39 | Scout Tower |
| 18:40 | Scout Tower |
| Chat | 1303 |
| Right click | 763 |
| Select group | 323 |
| Select | 195 |
| Build/train/purchase | 98 |
| Use ability | 59 |
| Misc. action | 31 |
| Resource trade | 26 |
| Minimap ping | 12 |
| Assign group | 11 |
| Item give/drop | 7 |



| Scroll of Regeneration | 2 | 200 |
| Staff of Teleportation | 1 | 150 |
| Boots of Speed | 1 | 250 |
| total: | 4 | 600g |
| Peasant | 19 | 1425 | / | 0 |
| Priest | 1 | 135 | / | 10 |
| Siege Engine | 8 | 1560 | / | 480 |
| total: | 28 | 3120g | / | 490w |
| Scout Tower | 20 | 600 | / | 400 |
| Arcane Tower | 1 | 70 | / | 50 |
| Guard Tower | 15 | 1050 | / | 750 |
| Altar of Kings | 1 | 180 | / | 50 |
| Farm | 9 | 720 | / | 180 |
| Lumber Mill | 1 | 120 | / | 0 |
| Arcane Vault | 1 | 130 | / | 30 |
| Town Hall | 1 | 385 | / | 205 |
| Blacksmith | 1 | 140 | / | 60 |
| Arcane Sanctum | 1 | 150 | / | 140 |
| Workshop | 6 | 840 | / | 840 |
| Keep | 1 | 320 | / | 210 |
| Castle | 1 | 360 | / | 210 |
| total: | 41 | 3265g | / | 1905w |
| 0:01 | Peasant |
| 0:01 | Peasant |
| 0:08 | Altar of Kings |
| 0:10 | Peasant |
| 0:18 | Farm |
| 0:22 | Scout Tower |
| 0:25 | Farm |
| 0:33 | Peasant |
| 0:40 | Peasant |
| 0:53 | Peasant |
| 1:00 | Peasant |
| 1:03 | Lumber Mill |
| 1:17 | Peasant |
| 1:26 | Peasant |
| 1:34 | Scout Tower |
| 1:35 | Arcane Tower |
| 1:50 | Peasant |
| 2:07 | Blizzard |
| 2:13 | Guard Tower |
| 2:13 | Scout Tower |
| 2:14 | Scout Tower |
| 2:15 | Peasant |
| 2:17 | Peasant |
| 2:51 | Guard Tower |
| 2:52 | Scout Tower |
| 2:53 | Scout Tower |
| 2:53 | Peasant |
| 2:54 | Peasant |
| 3:02 | Peasant |
| 3:12 | Guard Tower |
| 3:34 | Keep |
| 3:40 | Staff of Teleportation |
| 3:45 | Boots of Speed |
| 3:55 | Guard Tower |
| 4:13 | Arcane Vault |
| 4:14 | Scout Tower |
| 4:16 | Guard Tower |
| 4:28 | Improved Masonry |
| 4:44 | Brilliance Aura |
| 4:53 | Guard Tower |
| 5:02 | Farm |
| 5:02 | Farm |
| 5:14 | Scout Tower |
| 5:15 | Scout Tower |
| 5:27 | Scroll of Regeneration |
| 5:51 | Scroll of Regeneration |
| 6:46 | Town Hall |
| 6:54 | Guard Tower |
| 6:56 | Blizzard |
| 7:04 | Scout Tower |
| 7:04 | Scout Tower |
| 7:05 | Scout Tower |
| 7:05 | Scout Tower |
| 7:06 | Scout Tower |
| 7:06 | Scout Tower |
| 7:07 | Scout Tower |
| 7:25 | Castle |
| 7:45 | Guard Tower |
| 7:56 | Peasant |
| 7:58 | Guard Tower |
| 7:59 | Guard Tower |
| 8:08 | Guard Tower |
| 8:10 | Scout Tower |
| 8:10 | Scout Tower |
| 8:13 | Scout Tower |
| 8:14 | Scout Tower |
| 9:01 | Guard Tower |
| 9:12 | Storm Bolt |
| 9:40 | Arcane Sanctum |
| 9:44 | Peasant |
| 9:44 | Peasant |
| 9:44 | Peasant |
| 10:54 | Priest |
| 10:55 | Magic Sentry |
| 10:56 | Advanced Masonry |
| 11:08 | Holy Light |
| 11:27 | Guard Tower |
| 12:50 | Bash |
| 13:36 | Divine Shield |
| 13:42 | Imbued Masonry |
| 14:02 | Brilliance Aura |
| 16:32 | Blacksmith |
| 16:33 | Farm |
| 16:33 | Farm |
| 16:34 | Farm |
| 16:35 | Farm |
| 16:36 | Farm |
| 18:15 | Storm Bolt |
| 18:29 | Workshop |
| 18:29 | Workshop |
| 18:35 | Workshop |
| 18:42 | Black Gunpowder |
| 19:12 | Siege Engine |
| 19:24 | Siege Engine |
| 19:25 | Siege Engine |
| 19:25 | Siege Engine |
| 19:25 | Siege Engine |
| 19:25 | Siege Engine |
| 19:34 | Workshop |
| 19:34 | Workshop |
| 19:35 | Workshop |
| 19:47 | Refined Gunpowder |
| 19:54 | Siege Engine |
| 20:32 | Siege Engine |
| Right click | 1736 |
| Select | 552 |
| Chat | 362 |
| Select group | 227 |
| Build/train/purchase | 97 |
| Use ability | 70 |
| Misc. action | 36 |
| Assign group | 13 |
| Item give/drop | 5 |
| Resource trade | 5 |
| Minimap ping | 2 |



| Lesser Clarity Potion | 1 | 70 |
| Scroll of Regeneration | 1 | 100 |
| Staff of Teleportation | 3 | 450 |
| Boots of Speed | 3 | 750 |
| Circlet of Nobility | 2 | 350 |
| total: | 10 | 1720g |
| Peasant | 15 | 1125 | / | 0 |
| Priest | 7 | 945 | / | 70 |
| total: | 22 | 2070g | / | 70w |
| Scout Tower | 13 | 390 | / | 260 |
| Arcane Tower | 3 | 210 | / | 150 |
| Guard Tower | 6 | 420 | / | 300 |
| Altar of Kings | 1 | 180 | / | 50 |
| Lumber Mill | 1 | 120 | / | 0 |
| Farm | 7 | 560 | / | 140 |
| Arcane Vault | 1 | 130 | / | 30 |
| Arcane Sanctum | 1 | 150 | / | 140 |
| Keep | 2 | 640 | / | 420 |
| Castle | 1 | 360 | / | 210 |
| total: | 24 | 1530g | / | 620w |
| 0:03 | Altar of Kings |
| 0:03 | Peasant |
| 0:11 | Peasant |
| 0:20 | Lumber Mill |
| 0:21 | Peasant |
| 0:27 | Farm |
| 0:33 | Peasant |
| 0:41 | Peasant |
| 0:48 | Farm |
| 1:09 | Peasant |
| 1:21 | Scout Tower |
| 1:23 | Peasant |
| 1:38 | Peasant |
| 1:40 | Improved Masonry |
| 1:50 | Arcane Tower |
| 1:51 | Scout Tower |
| 1:53 | Peasant |
| 2:03 | Holy Light |
| 2:05 | Scout Tower |
| 2:20 | Peasant |
| 2:20 | Peasant |
| 2:27 | Peasant |
| 2:29 | Guard Tower |
| 2:30 | Scout Tower |
| 2:44 | Guard Tower |
| 3:07 | Peasant |
| 3:07 | Peasant |
| 3:07 | Peasant |
| 3:24 | Divine Shield |
| 3:35 | Guard Tower |
| 3:36 | Scout Tower |
| 3:36 | Scout Tower |
| 3:55 | Keep |
| 4:30 | Guard Tower |
| 4:32 | Scout Tower |
| 4:32 | Scout Tower |
| 4:35 | Scout Tower |
| 5:02 | Farm |
| 5:06 | Staff of Teleportation |
| 5:06 | Boots of Speed |
| 5:38 | Arcane Tower |
| 5:39 | Guard Tower |
| 5:40 | Scout Tower |
| 5:41 | Scout Tower |
| 6:35 | Guard Tower |
| 6:36 | Scout Tower |
| 6:36 | Scout Tower |
| 6:41 | Healing Spray |
| 7:50 | Castle |
| 7:53 | Arcane Vault |
| 7:57 | Arcane Sanctum |
| 8:00 | Advanced Masonry |
| 8:00 | Improved Lumber Harvesting |
| 8:17 | Lesser Clarity Potion |
| 8:17 | Scroll of Regeneration |
| 9:44 | Magic Sentry |
| 9:45 | Priest Adept Training |
| 9:45 | Priest |
| 9:47 | Boots of Speed |
| 9:47 | Staff of Teleportation |
| 9:50 | Circlet of Nobility |
| 10:04 | Holy Light |
| 11:26 | Farm |
| 11:27 | Imbued Masonry |
| 11:39 | Sorceress Adept Training |
| 11:39 | Priest Master Training |
| 12:20 | Chemical Rage |
| 13:19 | Priest |
| 13:53 | Advanced Lumber Harvesting |
| 13:58 | Priest |
| 13:59 | Priest |
| 14:05 | Siphon Mana |
| 14:40 | Boots of Speed |
| 14:40 | Staff of Teleportation |
| 14:41 | Circlet of Nobility |
| 15:20 | Farm |
| 15:21 | Farm |
| 17:04 | Healing Spray |
| 17:05 | Divine Shield |
| 17:16 | Priest |
| 17:21 | Farm |
| 17:54 | Arcane Tower |
| 19:20 | Priest |
| 19:22 | Priest |
| Right click | 1052 |
| Select group | 445 |
| Assign group | 379 |
| Select | 267 |
| Chat | 236 |
| Build/train/purchase | 107 |
| Use ability | 54 |
| Misc. action | 34 |
| Resource trade | 5 |
| Minimap ping | 2 |
| Item give/drop | 1 |
| Remove unit | 1 |
66 units @ 8.4k
/ 0.5k
41 buildings @ 6k
/ 2.3k

| Peon | 7 | 525 | / | 0 |
| Grunt | 4 | 800 | / | 0 |
| total: | 11 | 1325g | / | 0w |
| Watch Tower | 2 | 220 | / | 160 |
| Altar of Storms | 1 | 180 | / | 50 |
| Orc Burrow | 4 | 640 | / | 160 |
| Barracks | 1 | 180 | / | 50 |
| War Mill | 1 | 205 | / | 0 |
| Voodoo Lounge | 1 | 130 | / | 30 |
| Spirit Lodge | 1 | 150 | / | 150 |
| Tauren Totem | 1 | 135 | / | 155 |
| Stronghold | 1 | 315 | / | 190 |
| Fortress | 1 | 325 | / | 190 |
| total: | 12 | 1840g | / | 755w |
| 0:05 | Peon |
| 0:09 | Altar of Storms |
| 0:13 | Orc Burrow |
| 0:26 | Peon |
| 0:34 | Peon |
| 0:44 | Barracks |
| 0:53 | Peon |
| 1:09 | Peon |
| 1:26 | Peon |
| 1:33 | Orc Burrow |
| 1:44 | Peon |
| 1:59 | Grunt |
| 2:15 | War Mill |
| 2:19 | Serpent Ward |
| 2:37 | Grunt |
| 2:50 | Voodoo Lounge |
| 3:03 | Grunt |
| 3:35 | Stronghold |
| 3:54 | Orc Burrow |
| 4:00 | Steel Melee Weapons |
| 4:29 | Grunt |
| 4:49 | Orc Burrow |
| 5:27 | Healing Wave |
| 6:45 | Fortress |
| 6:48 | Spirit Lodge |
| 6:54 | Tauren Totem |
| 7:17 | Berserker Strength |
| 7:35 | Watch Tower |
| 7:47 | Watch Tower |
| Select group | 345 |
| Right click | 217 |
| Select | 101 |
| Build/train/purchase | 19 |
| Assign group | 10 |
| Use ability | 10 |
| Minimap ping | 3 |
| Misc. action | 1 |


| Boots of Speed | 1 | 250 |
| Periapt of Vitality | 2 | 650 |
| total: | 3 | 900g |
| Peon | 6 | 450 | / | 0 |
| Grunt | 3 | 600 | / | 0 |
| Troll Headhunter | 14 | 1960 | / | 280 |
| total: | 23 | 3010g | / | 280w |
| Altar of Storms | 1 | 180 | / | 50 |
| Orc Burrow | 5 | 800 | / | 200 |
| Barracks | 2 | 360 | / | 100 |
| War Mill | 1 | 205 | / | 0 |
| Great Hall | 1 | 385 | / | 185 |
| Beastiary | 2 | 290 | / | 280 |
| Stronghold | 2 | 630 | / | 380 |
| total: | 12 | 2220g | / | 815w |
| 0:03 | Peon |
| 0:08 | Altar of Storms |
| 0:14 | Peon |
| 0:26 | Orc Burrow |
| 0:29 | Peon |
| 0:38 | Barracks |
| 1:08 | Peon |
| 1:31 | Peon |
| 1:43 | Orc Burrow |
| 2:00 | War Mill |
| 2:11 | Peon |
| 2:21 | Endurance Aura |
| 2:26 | Grunt |
| 2:50 | Barracks |
| 3:00 | Grunt |
| 3:17 | Steel Ranged Weapons |
| 3:31 | Orc Burrow |
| 3:51 | Grunt |
| 3:52 | Troll Headhunter |
| 4:00 | Boots of Speed |
| 4:17 | Troll Headhunter |
| 4:17 | Troll Headhunter |
| 4:23 | Orc Burrow |
| 4:48 | Troll Headhunter |
| 4:49 | Troll Headhunter |
| 4:54 | Steel Armor |
| 5:21 | Stronghold |
| 5:37 | War Stomp |
| 6:25 | Troll Headhunter |
| 6:25 | Troll Headhunter |
| 7:12 | Troll Headhunter |
| 7:12 | Troll Headhunter |
| 7:48 | Troll Regeneration |
| 7:50 | Berserker Strength |
| 8:07 | Thorium Ranged Weapons |
| 8:49 | Periapt of Vitality |
| 9:15 | Healing Wave |
| 9:48 | Great Hall |
| 10:01 | Periapt of Vitality |
| 10:11 | Troll Headhunter |
| 10:11 | Troll Headhunter |
| 10:31 | Beastiary |
| 10:33 | Beastiary |
| 11:24 | Orc Burrow |
| 12:08 | Endurance Aura |
| 12:27 | Troll Headhunter |
| 12:27 | Troll Headhunter |
| 12:27 | Troll Headhunter |
| Right click | 675 |
| Select group | 395 |
| Select | 282 |
| Misc. action | 99 |
| Build/train/purchase | 58 |
| Assign group | 20 |
| Minimap ping | 19 |
| Use ability | 8 |
| Esc | 1 |


| Peasant | 13 | 975 | / | 0 |
| Footman | 11 | 1485 | / | 0 |
| Rifleman | 4 | 820 | / | 120 |
| Spell Breaker | 3 | 645 | / | 90 |
| Priest | 1 | 135 | / | 10 |
| total: | 32 | 4060g | / | 220w |
| Altar of Kings | 1 | 180 | / | 50 |
| Farm | 9 | 720 | / | 180 |
| Barracks | 2 | 320 | / | 120 |
| Lumber Mill | 1 | 120 | / | 0 |
| Blacksmith | 1 | 140 | / | 60 |
| Arcane Vault | 1 | 130 | / | 30 |
| Arcane Sanctum | 2 | 300 | / | 280 |
| Keep | 1 | 320 | / | 210 |
| total: | 17 | 1910g | / | 720w |
| 0:05 | Peasant |
| 0:12 | Altar of Kings |
| 0:16 | Peasant |
| 0:31 | Peasant |
| 0:42 | Farm |
| 0:50 | Peasant |
| 1:08 | Barracks |
| 1:09 | Peasant |
| 1:24 | Peasant |
| 1:37 | Farm |
| 1:50 | Peasant |
| 2:17 | Farm |
| 2:25 | Footman |
| 2:35 | Lumber Mill |
| 2:37 | Footman |
| 3:10 | Farm |
| 3:22 | Footman |
| 3:36 | Keep |
| 3:46 | Blacksmith |
| 3:47 | Footman |
| 3:57 | Farm |
| 4:19 | Barracks |
| 4:34 | Summon Water Elemental |
| 4:38 | Farm |
| 4:49 | Footman |
| 4:56 | Arcane Vault |
| 5:09 | Iron Plating |
| 5:11 | Rifleman |
| 5:19 | Farm |
| 5:32 | Rifleman |
| 5:58 | Farm |
| 6:09 | Arcane Sanctum |
| 6:12 | Rifleman |
| 6:17 | Black Gunpowder |
| 6:30 | Defend |
| 6:41 | Farm |
| 7:35 | Blizzard |
| 7:51 | Arcane Sanctum |
| 7:52 | Spell Breaker |
| 7:54 | Improved Lumber Harvesting |
| 9:51 | Peasant |
| 9:51 | Peasant |
| 9:53 | Holy Light |
| 10:39 | Spell Breaker |
| 10:40 | Footman |
| 10:40 | Footman |
| 11:47 | Peasant |
| 11:47 | Peasant |
| 12:01 | Rifleman |
| 12:15 | Steel Plating |
| 13:16 | Footman |
| 13:16 | Footman |
| 13:22 | Priest |
| 13:28 | Spell Breaker |
| 14:11 | Footman |
| 14:43 | Peasant |
| 14:44 | Peasant |
| 14:51 | Footman |
| Chat | 1000 |
| Right click | 739 |
| Select | 227 |
| Select group | 64 |
| Build/train/purchase | 51 |
| Assign group | 10 |
| Misc. action | 10 |
| Use ability | 4 |
| Remove unit | 1 |
| Esc | 1 |
| Minimap ping | 1 |